 Dungeon Crawl Stone Soup version 0.18.1-48-g4cf74bf (webtiles) character file.

4500 MTVSty1e the Fighter (level 10, -16/83 HPs)
             Began as a Minotaur Fighter on July 29, 2016.
             Killed from afar by theElss's ghost (37 damage)
             ... with an orb of energy
             ... on level 8 of the Dungeon.
             The game lasted 00:21:06 (7599 turns).

MTVSty1e the Fighter (Minotaur Fighter)             Turns: 7599, Time: 00:21:06

Health: -16/83     AC: 13    Str: 26    XL:     10   Next: 16%
Magic:  10/10      EV:  7    Int:  5    God:
Gold:   310        SH: 13    Dex: 10    Spells: 0 memorised, 9 levels left

rFire  . . .     SeeInvis .     a - +1 war axe
rCold  . . .     Gourm    .     k - +0 plate armour
rNeg   + . .     Faith    .     c - +0 shield
rPois  .         Spirit   .     (helmet restricted)
rElec  .         Dismiss  .     (no cloak)
rCorr  .         Reflect  .     (no gloves)
SustAt .         Harm     .     y - +1 pair of boots
MR     +....                    (no amulet)
Stlth  ..........               q - ring of protection from magic
                                i - ring of positive energy

@: somewhat resistant to hostile enchantments, extremely unstealthy
A: retaliatory headbutt, horns 2, talons 1, large bone plates 1, deformed body,
frail 1, low mp 1, strong 1, MP-powered wands
a: no special abilities


You were on level 8 of the Dungeon.
You were not hungry.

You visited 2 branches of the dungeon, and saw 10 of its levels.

You collected 310 gold pieces.

Inventory:

Hand Weapons
 a - a +1 war axe (weapon)
 C - a +0 battleaxe
Missiles
 g - 4 poisoned tomahawks (quivered)
Armour
 b - a +0 scale mail
 c - a +0 shield (worn)
 k - a +0 plate armour (worn)
 y - a +1 pair of boots (worn)
Jewellery
 i - a ring of positive energy (left hand)
 q - a ring of protection from magic (right hand)
 s - an uncursed ring of protection from magic
Wands
 h - a wand of confusion (31/48)
 u - a wand of confusion (26/48)
 A - a wand of slowing (21/48)
Scrolls
 w - a scroll of remove curse
 B - a scroll of enchant armour
Potions
 d - 2 potions of flight {unknown}
 e - 3 potions of curing
 l - a potion of mutation {unknown}
 n - a potion of ambrosia {unknown}
 p - 2 potions of haste {unknown}
 r - 2 potions of lignification {unknown}
 t - a potion of degeneration {unknown}
 z - a potion of magic {unknown}
Comestibles
 f - 5 bread rations
 j - 5 fruits
 o - 3 meat rations


   Skills:
 * Level 10.1 Fighting
 + Level 8.1 Axes
 * Level 9.3 Armour
 * Level 3.2 Dodging
 + Level 0.5 Stealth
 + Level 8.0 Shields
 * Level 3.8 Evocations


You had 9 spell levels left.
You didn't know any spells.

Dungeon Overview and Level Annotations

Branches:
Dungeon (9/15)             Temple (1/1) D:5
   Lair: D:8-11         Orc: D:9-12

Altars:
Ashenzari
Cheibriados
Dithmenos
Elyvilon
Fedhas
Gozag
Kikubaaqudgha
Makhleb
Nemelex Xobeh
Pakellas
Qazlal
Ru
Sif Muna
Trog
Vehumet
Xom
Yredelemnul
Zin
The Shining One

Annotations:
D:8 theElss's ghost, novice HECj


Innate Abilities, Weirdness & Mutations

You reflexively headbutt those who attack you in melee.
You have a pair of horns on your head.
You have sharp toenails.
You are partially covered in large bone plates (AC +2, SH +2).
Armour fits poorly on your strangely shaped body.
You are frail (-10% HP).
Your magical capacity is low (-10% MP).
Your muscles are strong. (Str +2)
You expend magic power (3 MP) to strengthen your wands.


Message History

You closely miss theElss's ghost. Your headbutt misses theElss's ghost.
TheElss's ghost is moderately damaged.
You block theElss's ghost's attack.
You slash theElss's ghost! Your headbutt misses theElss's ghost.
TheElss's ghost is moderately damaged.
TheElss's ghost points at you and mumbles some strange words.
You block the orb of energy.
The orb of energy explodes!
TheElss's ghost hits you but does no damage.
You slash theElss's ghost! You headbutt theElss's ghost.
TheElss's ghost is severely damaged.
TheElss's ghost points at you and mumbles some strange words.
The orb of energy hits you!
* * * LOW HITPOINT WARNING * * *
The orb of energy explodes!
You hit theElss's ghost but do no damage.
Your headbutt misses theElss's ghost.
TheElss's ghost is severely damaged.
TheElss's ghost gestures at you while chanting.
The orb of energy hits you!
You die...

.#####.#
.....#.#########
.......>W...†..#
.###.#..######.#
...%.#..# #.#
.#####..# #.#
........# #[#
.######.# #[####
.# #.# #*W@<# .#
#.# ###### .+
..# .# ##


You could see a battlesphere and theElss's ghost.

Vanquished Creatures
  An unseen horror (D:8)
  The ghost of Situis the Ducker, a novice DsFE (D:5)
  A troll (D:8)
  A wyvern (D:7)
  A yak (D:8)
  Purgy (D:3)
  A black bear (D:7)
  2 ice beasts (D:5)
  4 orc warriors (D:7)
  2 phantoms
  4 sky beasts
  2 ogres
  3 centaurs
  3 giant frogs (D:6)
  A scorpion (D:4)
  2 howler monkeys
  2 crimson imps
  A centaur zombie (D:5)
  8 orc priests
  2 hounds (D:7)
  10 orc wizards
  Natasha (thrice) (D:2)
  An iguana (D:5)
  7 worker ants
  A howler monkey zombie (D:6)
  A worker ant zombie (D:5)
  4 gnolls (D:3)
  13 adders
  2 adder zombies
  An adder skeleton (D:7)
  2 worms
  3 dart slugs (D:1)
  5 giant geckos
  21 orcs
  6 giant cockroaches
  6 goblins
  6 hobgoblins
  7 jackals
  4 kobolds
  A quokka (D:7)
  7 bats
  A giant gecko skeleton (D:7)
  6 giant newts
  A jackal skeleton (D:5)
  5 rats
167 creatures vanquished.

Notes
Turn   | Place    | Note
--------------------------------------------------------------
     0 | D:1      | MTVSty1e the Minotaur Fighter began the quest for the Orb.
     0 | D:1      | Reached XP level 1. HP: 19/19 MP: 0/0
    43 | D:1      | Reached XP level 2. HP: 23/27 MP: 1/1
    86 | D:1      | Reached skill level 4 in Fighting
    89 | D:1      | Found a shattered altar of Ashenzari.
   704 | D:1      | Reached XP level 3. HP: 33/33 MP: 2/2
  1078 | D:2      | Noticed Natasha
  1087 | D:2      | Killed Natasha
  1087 | D:2      | Reached XP level 4. HP: 18/41 MP: 3/3
  1287 | D:2      | Noticed Natasha
  1293 | D:2      | Killed Natasha
  1324 | D:2      | Noticed Natasha
  1339 | D:2      | Killed Natasha
  1339 | D:2      | Reached skill level 5 in Fighting
  1339 | D:2      | Reached XP level 5. HP: 28/48 MP: 4/4
  1528 | D:3      | Reached skill level 5 in Shields
  2065 | D:3      | Reached skill level 5 in Armour
  2444 | D:3      | Noticed Purgy
  2459 | D:3      | Killed Purgy
  2459 | D:3      | Reached XP level 6. HP: 44/56 MP: 5/5
  2798 | D:4      | Found an ancient bone altar of Kikubaaqudgha.
  3026 | D:4      | Reached XP level 7. HP: 62/62 MP: 6/6
  3116 | D:4      | Reached skill level 6 in Fighting
  4199 | D:3      | Found a shattered altar of Ashenzari.
  4276 | D:5      | Entered Level 5 of the Dungeon
  4455 | D:5      | Found a blossoming altar of Fedhas.
  4482 | D:5      | Reached skill level 1 in Dodging
  4513 | D:5      | Reached skill level 7 in Fighting
  4513 | D:5      | Reached skill level 5 in Axes
  4513 | D:5      | Reached XP level 8. HP: 57/73 MP: 7/7
  4539 | D:5      | Found a shadowy altar of Dithmenos.
  4620 | D:5      | Found a staircase to the Ecumenical Temple.
  4642 | Temple   | Entered the Ecumenical Temple
  5049 | D:5      | Reached skill level 1 in Evocations
  5053 | D:5      | Found a glowing golden altar of the Shining One.
  5077 | D:5      | Found a burning altar of Makhleb.
  5126 | D:5      | Noticed Situis's ghost (novice DsFE)
  5145 | D:5      | Killed Situis's ghost
  5547 | D:5      | Found a deep blue altar of Sif Muna.
  5653 | D:6      | Reached skill level 8 in Fighting
  5740 | D:6      | Reached XP level 9. HP: 73/81 MP: 9/9
  6131 | D:7      | Gained mutation: You have sharp toenails. [mutagenic meat]
  6132 | D:7      | Gained mutation: You are partially covered in large bone plates (AC +2, SH +2). [mutagenic meat]
  6133 | D:7      | Gained mutation: Your magical capacity is low (-10% MP). [mutagenic meat]
  6566 | D:7      | Reached skill level 9 in Fighting
  6632 | D:7      | Gained mutation: You have a somewhat thin skeletal structure (Dex +2, Stealth). [mutagenic meat]
  6634 | D:7      | Gained mutation: You are frail (-10% HP). [mutagenic meat]
  7324 | D:7      | Found a glowing silver altar of Zin.
  7325 | D:7      | Found an opulent altar of Gozag.
  7334 | D:7      | Gained mutation: Armour fits poorly on your strangely shaped body. [mutagenic meat]
  7335 | D:7      | Gained mutation: You tend to lose your temper in combat. [mutagenic meat]
  7336 | D:7      | Lost mutation: You tend to lose your temper in combat. [mutagenic meat]
  7337 | D:7      | Gained mutation: You expend magic power (3 MP) to strengthen your wands. [mutagenic meat]
  7338 | D:7      | Lost mutation: You have a somewhat thin skeletal structure (Dex +2, Stealth). [mutagenic meat]
  7339 | D:7      | Gained mutation: Your muscles are strong. (Str +2) [mutagenic meat]
  7429 | D:8      | Noticed a troll
  7439 | D:8      | Killed a troll
  7492 | D:8      | Killed an unseen horror
  7492 | D:8      | Reached skill level 10 in Fighting
  7492 | D:8      | Reached XP level 10. HP: 26/83 MP: 10/10
  7580 | D:8      | Noticed theElss's ghost (novice HECj)
  7599 | D:8      | Killed from afar by theElss's ghost

Skill      XL: |  1  2  3  4  5  6  7  8  9 |
---------------+----------------------------+-----
Fighting       | 4 5 7 8 10 | 10.1
Shields        | 4 5 6 8 |  8.0
Armour         | 4 5 6 7 8 9 |  9.3
Axes           | 3 5 6 8 |  8.1
Dodging        | 1 3 |  3.2
Evocations     | 2 3 |  3.8
Stealth        | |  0.5

Action                   |  1- 3 |  4- 6 |  7- 9 | 10-12 || total
-------------------------+-------+-------+-------+-------++-------
Melee: War axe           |    97 |    96 |   366 |    16 ||   575
       Headbutt          |    20 |    16 |    77 |     2 ||   115
       Kick              |       |       |     9 |       ||     9
  Use: Scroll            |     2 |     1 |     5 |       ||     8
       Potion            |       |     4 |     5 |     1 ||    10
  Eat: Fruit             |     1 |     3 |       |       ||     4
       Meat ration       |       |     1 |     2 |       ||     3
       Chunk             |       |       |    14 |       ||    14
       Bread ration      |       |       |     1 |       ||     1
Armor: Scale mail        |     8 |       |       |       ||     8
       Plate armour      |    61 |    94 |   234 |     5 ||   394
Dodge: Dodged            |    25 |    20 |    57 |       ||   102
Block: Shield            |    46 |    58 |   218 |     7 ||   329
